Map: Abyssal Reef LE

Players

Railgan

  • Race: Zerg Zerg
  • League: Grandmaster
  • Spawn Location: 5:00

Namshar - Winner!

  • Race: Zerg Zerg
  • League: Grandmaster
  • Spawn Location: 11:00

VOD

Have the link to the VOD?

Description

Time

  • Played on: March 11, 2017, 6:54 p.m.
  • Length: 3:32
Show
View Real Time Build Order
Export as new Build Order

Railgan Zerg 

Build Orders: Hatch First 

Get SALT Encoding   

  12  0:01  Drone  
  13  0:13  Overlord  
  13  0:17  Drone  
  14  0:31  Drone x2  
  14  0:35  Drone  
  17  0:54  Hatchery  
  17  0:55  Drone  
  17  0:58  Drone  
  18  1:09  Extractor  
  17  1:14  Spawning Pool  
  17  1:18  Drone  
  17  1:20  Drone  
  18  1:28  Drone  
  19  1:39  Overlord  
  19  2:02  Baneling Nest, Queen  
  19  2:04  Spine Crawler, Zergling x2  
  19  2:06  Zergling x2  
  21  2:09  Zergling x2  
  21  2:13  Zergling x2  
  23  2:24  Spine Crawler  
  22  2:32  Drone  
  22  2:33  Drone  
  24  2:38  Queen  
  26  2:47  Overlord  
  26  2:51  Baneling  
  26  2:55  Baneling x2  
  10  3:14  Drone x4  
Show
View Real Time Build Order
Export as new Build Order

Namshar Zerg - Winner!

Build Orders: Pool First 

Get SALT Encoding   

  12  0:00  Drone  
  13  0:16  Extractor  
  12  0:23  Spawning Pool  
  12  0:27  Drone  
  12  0:32  Drone  
  13  0:37  Drone  
  14  0:48  Overlord  
  14  1:10  Zergling x4  
  14  1:11  Zergling x2  
  17  1:15  Metabolic Boost  
  17  1:21  Zergling x2  
  18  1:32  Zergling x2  
  21  1:41  Baneling Nest  
  21  1:43  Zergling x2  
  19  1:49  Queen  
  22  1:54  Zergling x2  
  22  2:04  Overlord  
  22  2:23  Zergling x2  
  22  2:26  Zergling x2  
  22  2:29  Baneling x2  
  24  2:36  Baneling x2  
  24  2:38  Zergling x2  
  24  2:48  Baneling x2  
  24  2:49  Zergling x2  
  20  3:13  Drone x2  
  20  3:15  Drone x2  
  20  3:16  Drone  
  25  3:30  Hatchery  
Tags
 
Add a new tag
Caveats
  • Supply blocks, unpowered buildings, or Contaminate may cause inaccurate times.
  • Supply counts are checked every 10 seconds.